[Event "Team 45 45 League T28"]
[Site "Internet Chess Club"]
[Date "2005.10.23"]
[Round "6"]
[White "tammany"]
[Black "Mikey29a"]
[Result "0-1"]
[WhiteElo "1520"]
[BlackElo "1654"]
[TimeControl "2700+45"]

1. e4 c5 2. c3 e6 3. d4 d5 4. e5 Qb6 5. Nf3 Nc6 6. Be2 Nh6 7. b3 cxd4 8. O-O Nf5
9. cxd4 Nfxd4 10. Nxd4 Qxd4 11. Qxd4 Nxd4 12. Bd3 Nc6 13. Bb2 Nb4 14. Bb5+ Bd7
15. Bxd7+ Kxd7 16. Nd2 Nd3 17. Bd4 Bc5 18. Bxc5 Nxc5 19. f4 Rac8 20. Rf3 Na6 21.
f5 Rc2 22. fxe6+ Kxe6 23. Nf1 Rhc8 24. a3 R8c3 25. Ne3 Rc1+ 26. Rxc1 Rxc1+ 27.
Kf2 Rc3 28. Rg3 d4 29. Nc4 Rxg3 30. Kxg3 Nc5 31. b4 Nd7 32. Kf4 g5+ 33. Ke4 d3
34. Kxd3 Nxe5+ 35. Nxe5 Kxe5 36. Kc4 f5 37. a4 g4 38. a5 f4 39. Kd3 a6 40. Ke2
Ke4 41. Kf2 f3 42. gxf3+ gxf3 43. h4 h5 44. Kf1 Kf4 45. Kf2 Kg4 {White resigns}
0-1

[Event "Team 45 45 League T28"]
[Site "Internet Chess Club"]
[Date "2005.10.22"]
[Round "6"]
[White "boozehound"]
[Black "dougmo"]
[Result "0-1"]
[WhiteElo "1441"]
[BlackElo "1531"]
[TimeControl "2700+45"]

1. e4 e6 2. Nf3 d5 3. exd5 exd5 4. d4 Bg4 5. Be2 Bd6 6. Nc3 c6 7. Bg5 f6 8. Bd2
Ne7 9. Nh4 Bxe2 10. Nxe2 Qc7 11. g3 Nd7 12. Bf4 g5 13. Bxd6 Qxd6 14. Ng2 O-O-O
15. Qd3 f5 16. O-O-O Nb6 17. Ne3 Rhf8 18. f4 h6 19. Rhf1 g4 20. Rde1 Kb8 21. Nc3
Qf6 22. Re2 Nec8 23. Rd1 Nd6 24. a4 Ne4 25. a5 Nxc3 26. Qxc3 Nc8 27. Qb4 Nd6 28.
Nf1 Ne4 29. Nd2 Qd6 30. Qb3 Qc7 31. Qa4 Rfe8 32. Nxe4 dxe4 33. b4 Qf7 34. Re3
Qc4 35. Qb3 Rxd4 36. Rxd4 Qxd4 37. Re1 Rd8 38. Kb1 Qd5 39. Qe3 Qd4 40. Qb3 Re8
41. Qf7 Qxb4+ 42. Ka2 Qxa5+ 43. Kb3 Qd5+ 44. Qxd5 cxd5 45. Kc3 Kc7 46. Kd4 Kd6
47. Rb1 b6 48. Ra1 a5 49. Rb1 Rb8 50. Rb5 a4 51. c4 dxc4 52. Kxc4 a3 53. Kb3 Ra8
54. Ka2 Kc6 55. Rxf5 Re8 56. Rf6+ Kb5 57. Rd6 e3 58. Rd1 e2 59. Re1 Kb4 60. f5
Kc3 61. f6 Kd2 62. Rb1 e1=Q 63. Rxb6 Qe5 64. f7 Rf8 65. Kxa3 Qc5+ 66. Rb4 Qxb4+
67. Kxb4 Rxf7 68. Kc4 Rf2 {White resigns} 0-1

[Event "Team 45 45 League T28"]
[Site "Internet Chess Club"]
[Date "2005.10.25"]
[Round "6"]
[White "e4ia"]
[Black "Invicta-Knight"]
[Result "0-1"]
[WhiteElo "1537"]
[BlackElo "1535"]
[TimeControl "2700+45"]

1. Nf3 Nc6 2. d4 Nf6 3. e3 g6 4. a3 Bg7 5. Bd3 O-O 6. O-O b6 7. c4 Ba6 8. b4 Bb7
9. d5 Nb8 10. Bb2 d6 11. b5 Nbd7 12. Qc2 Nc5 13. Nbd2 Re8 14. a4 a5 15. Ra2 e6
16. e4 Qd7 17. e5 dxe5 18. Nxe5 Qd6 19. f4 exd5 20. Ba3 Rad8 21. Nb3 Nfd7 22.
Nxc5 Nxc5 23. Bb2 Re6 24. f5 Rxe5 25. Bxe5 Bxe5 26. fxg6 Bxh2+ 27. Kh1 fxg6 28.
Qf2 Nxd3 29. Qf7+ Kh8 30. Re2 Ne5 31. Rf6 Nxf7 32. Rxd6 Bxd6 {White resigns} 0-1

[Event "Team 45 45 League T28"]
[Site "Internet Chess Club"]
[Date "2005.10.19"]
[Round "6"]
[White "egd01"]
[Black "cayo89"]
[Result "1/2-1/2"]
[WhiteElo "1566"]
[BlackElo "1637"]
[TimeControl "2700+45"]

1. e4 e6 2. d4 d5 3. e5 c5 4. c3 Nc6 5. Nf3 Qb6 6. Be2 cxd4 7. cxd4 Nge7 8. Na3
Nf5 9. Nc2 Bb4+ 10. Kf1 Ba5 11. g4 Nfe7 12. b3 O-O 13. Bd2 Bxd2 14. Qxd2 Bd7 15.
Kg2 f6 16. Rhf1 fxe5 17. Nxe5 Nxe5 18. dxe5 Ng6 19. f4 Rac8 20. Bd3 Qc7 21. Bxg6
hxg6 22. Rac1 Qc3 {Game drawn by mutual agreement} 1/2-1/2

[Event "Team 45 45 League T28"]
[Site "Internet Chess Club"]
[Date "2005.10.23"]
[Round "6"]
[White "JesterFox"]
[Black "calily"]
[Result "1-0"]
[WhiteElo "1562"]
[BlackElo "1563"]
[TimeControl "2700+45"]

1. c4 Nf6 2. Nc3 e6 3. g3 d5 4. cxd5 Nxd5 5. Bg2 c6 6. e3 Be7 7. Nge2 Nd7 8. d4
O-O 9. O-O Qc7 10. a3 c5 11. Nxd5 exd5 12. Bxd5 Nf6 13. Bg2 Bg4 14. Qd2 Rad8 15.
Qc2 Bxe2 16. Qxe2 cxd4 17. exd4 Rfe8 18. Be3 b6 19. Rac1 Qd6 20. Bf4 Qxd4 21.
Rcd1 Qa4 22. Rxd8 Bxd8 23. Qd2 Ne4 24. Qd1 Qxd1 25. Rxd1 Nc5 26. Bc6 Rf8 27. Bd6
g6 28. Bxf8 {Black resigns} 1-0

[Event "Team 45 45 League T28"]
[Site "Internet Chess Club"]
[Date "2005.10.23"]
[Round "6"]
[White "mambomex"]
[Black "ogoon"]
[Result "1-0"]
[WhiteElo "1561"]
[BlackElo "1522"]
[TimeControl "2700+45"]

1. e4 e6 2. d4 d5 3. Nc3 Bb4 4. e5 c5 5. a3 cxd4 6. axb4 dxc3 7. bxc3 Qc7 8. Qd4
Nc6 9. Bb5 Ne7 10. Nf3 O-O 11. Qc5 Bd7 12. Bd3 b6 13. Qd6 Qxd6 14. exd6 Nc8 15.
b5 Na5 16. Ne5 Rd8 17. Ba3 Nc4 18. Nxc4 dxc4 19. Bxc4 a6 20. Bb4 Na7 21. bxa6 b5
22. Bd3 Bc6 23. O-O Bd5 24. Rfe1 Nc6 25. Bxb5 Nxb4 26. cxb4 Rxd6 27. c4 Rb6 28.
Rec1 g6 29. Ra5 Rc8 30. c5 Ba8 31. cxb6 Rxc1+ 32. Bf1 Bd5 33. b7 Bc4 34. b8=Q+
Kg7 35. Ra1 {Black resigns} 1-0

[Event "Team 45 45 League T28"]
[Site "Internet Chess Club"]
[Date "2005.10.21"]
[Round "6"]
[White "SandiaCaveMan"]
[Black "arriero55"]
[Result "0-1"]
[WhiteElo "1313"]
[BlackElo "1427"]
[TimeControl "2700+45"]

1. d4 Nf6 2. c4 e6 3. Nc3 d5 4. e3 c6 5. Bd3 Nbd7 6. Nf3 Be7 7. O-O dxc4 8. Bxc4
b5 9. Bd3 Bb7 10. Qc2 a6 11. Re1 c5 12. Ne4 c4 13. Nxf6+ Nxf6 14. Be2 O-O 15. a4
Be4 16. Qd1 Qc7 17. Bd2 Bd5 18. Ne5 Ne4 19. Bf3 Nxd2 20. Bxd5 exd5 21. Qxd2 a5
22. Qc2 b4 23. b3 f6 24. Nf3 c3 25. e4 Qd6 26. e5 fxe5 27. dxe5 Qh6 28. Nd4 Bc5
29. Rad1 Bxd4 30. Rxd4 Qe6 31. Re3 Rf5 32. Rh3 Qxe5 33. f3 Qe1# {White
checkmated} 0-1

[Event "Team 45 45 League T28"]
[Site "Internet Chess Club"]
[Date "2005.10.23"]
[Round "6"]
[White "kamu"]
[Black "bondguy01"]
[Result "0-1"]
[WhiteElo "1639"]
[BlackElo "1561"]
[TimeControl "2700+45"]

1. d4 d5 2. c4 Nc6 3. Nc3 dxc4 4. d5 Ne5 5. e4 e6 6. Bf4 Ng6 7. Bg3 Nf6 8. Nb5
Bb4+ 9. Ke2 e5 10. a3 Bd6 11. f3 Nxe4 12. Qc2 Nxg3+ 13. hxg3 a6 14. Nxd6+ Qxd6
15. Qxc4 Bd7 16. a4 O-O 17. Ke1 b5 18. Qc2 bxa4 19. Bd3 Bb5 20. Be4 Qb4+ 21. Kf2
Qd4+ 22. Ke1 Qb4+ 23. Kf2 Qb3 24. Qb1 Rab8 25. Nh3 Bd7 26. Ng5 Qb6+ 27. Ke2 Bb5+
28. Kd2 Qf2+ 29. Kc3 Qe3+ 30. Kc2 Qxg5 {White resigns} 0-1

[Event "Team 45 45 League T28"]
[Site "Internet Chess Club"]
[Date "2005.10.24"]
[Round "6"]
[White "clarinetref"]
[Black "nanning"]
[Result "1-0"]
[WhiteElo "1539"]
[BlackElo "1636"]
[TimeControl "2700+45"]

1. Nf3 Nf6 2. g3 d5 3. b3 c6 4. Bb2 Bf5 5. c4 e6 6. d3 Bb4+ 7. Nbd2 O-O 8. Bg2
Nbd7 9. O-O a6 10. a3 Bd6 11. Ra2 Re8 12. Qa1 e5 13. Nh4 Bg4 14. Nhf3 e4 15.
dxe4 dxe4 16. Nd4 c5 17. h3 Bh5 18. Nf5 Bxe2 19. Nxd6 Bxf1 20. Nxe8 Bxg2 21.
Nxf6+ Nxf6 22. Kxg2 Qxd2 23. Bxf6 Qd3 24. Bxg7 Qf3+ 25. Kg1 Rd8 26. Bc3 Rd3 27.
Rd2 Rxc3 28. Rd8+ Kg7 29. b4 e3 {Black resigns} 1-0

[Event "Team 45 45 League T28"]
[Site "Internet Chess Club"]
[Date "2005.10.20"]
[Round "6"]
[White "jientho"]
[Black "Trixi"]
[Result "1-0"]
[WhiteElo "1396"]
[BlackElo "1481"]
[TimeControl "2700+45"]

1. e4 e5 2. Nf3 Nc6 3. Bc4 Bc5 4. b4 Bxb4 5. c3 Bd6 6. d4 Nf6 7. Ng5 O-O 8. f4
h6 9. Nxf7 Rxf7 10. Bxf7+ Kxf7 11. fxe5 Nxe5 12. dxe5 Bxe5 13. O-O c6 14. Qh5+
Ke6 15. Qf5+ Kd6 16. Rd1+ Nd5 17. exd5 Qb6+ 18. Kh1 Bf6 19. Bf4+ Ke7 20. Re1+
Kf7 21. Qe4 Kg8 22. Qg6 Be5 23. Rxe5 Qc5 24. Re8+ {Black resigns} 1-0

[Event "Team 45 45 League T28"]
[Site "Internet Chess Club"]
[Date "2005.10.22"]
[Round "6"]
[White "LittleTom"]
[Black "Budzo"]
[Result "0-1"]
[WhiteElo "1787"]
[BlackElo "1761"]
[TimeControl "2700+45"]

1. e4 e6 2. d4 d5 3. exd5 exd5 4. c4 Bb4+ 5. Nc3 Ne7 6. h3 O-O 7. Nf3 Nbc6 8.
Bd3 dxc4 9. Bxh7+ Kxh7 10. Ng5+ Kg8 11. Qh5 Bf5 12. g4 Bg6 13. Qh4 Nxd4 14. f4
{White resigns} 0-1

[Event "Team 45 45 League T28"]
[Site "Internet Chess Club"]
[Date "2005.10.22"]
[Round "6"]
[White "Ghostblaster"]
[Black "rjml"]
[Result "0-1"]
[WhiteElo "1682"]
[BlackElo "1833"]
[TimeControl "2700+45"]

1. d4 Nf6 2. c4 e6 3. Nc3 Bb4 4. Qc2 Nc6 5. Nf3 d6 6. Bg5 h6 7. Bh4 g5 8. Bg3 g4
9. Nd2 Nxd4 10. Qa4+ Bd7 11. Qd1 Bxc3 12. bxc3 Nf5 13. e3 e5 14. Qb3 Bc6 15. Qc2
Qd7 16. e4 Ng7 17. f3 gxf3 18. gxf3 Ne6 19. Bh3 Qe7 20. Nf1 Ng5 21. Bg2 Nh5 22.
Ne3 Ne6 23. Nf5 Qf8 24. Ne3 Rg8 25. Bh4 Nhf4 26. Ng4 Nxg2+ 27. Qxg2 f6 28. Nxf6+
Qxf6 29. Qxg8+ Kd7 30. Qh7+ Qg7 31. Qxg7+ Nxg7 32. O-O-O Rf8 33. Rhg1 Ne6 34.
Rdf1 b6 35. Rg6 Bxe4 36. Rxh6 Bxf3 37. Rf6 Rxf6 38. Bxf6 e4 39. Kd2 Kc6 40. Bd4
Nf4 41. Be3 Ng6 42. Bd4 Nf4 43. Ke3 Ng2+ 44. Kf2 Nf4 45. Kg3 Ne2+ 46. Kh4 Nxd4
47. cxd4 d5 48. Rc1 dxc4 49. Rxc4+ Kd6 50. Kg5 c6 51. h4 Kd5 52. Rb4 e3 53. Kf4
e2 54. Rb1 Bh5 55. Kg5 Bf3 56. h5 Kxd4 57. h6 Be4 58. Re1 Ke3 59. a3 c5 60. Kf6
c4 61. Rc1 Kd2 62. Rh1 e1=Q 63. Rh2+ Kd3 64. h7 Qa1+ 65. Kg5 Qg7+ {White
resigns} 0-1

[Event "Team 45 45 League T28"]
[Site "Internet Chess Club"]
[Date "2005.10.22"]
[Round "6"]
[White "knightstorm"]
[Black "camembert"]
[Result "1-0"]
[WhiteElo "1733"]
[BlackElo "1849"]
[TimeControl "2700+45"]

1. c4 Nf6 2. d4 c5 3. d5 e6 4. Nc3 exd5 5. cxd5 d6 6. e4 g6 7. f4 Bg7 8. Bb5+
Nbd7 9. e5 dxe5 10. fxe5 Nh5 11. Nf3 O-O 12. Bxd7 Bxd7 13. O-O Re8 14. Ng5 Bxe5
15. Nxf7 Bd4+ 16. Kh1 Qh4 17. Qf3 Rf8 18. Bg5 Ng3+ 19. Qxg3 Qxg3 20. Nh6+ Kg7
21. hxg3 Bf6 22. Bxf6+ Rxf6 23. Rxf6 Kxf6 24. Rf1+ Kg7 25. Rf7+ {Black resigns}
1-0

[Event "Team 45 45 League T28"]
[Site "Internet Chess Club"]
[Date "2005.10.27"]
[Round "6"]
[White "six-killer"]
[Black "rss"]
[Result "0-1"]
[WhiteElo "1762"]
[BlackElo "1828"]
[TimeControl "2700+45"]

1. e4 e6 2. d4 d5 3. Nc3 dxe4 4. Nxe4 Bd7 5. Nf3 Bc6 6. Bd3 Nd7 7. O-O Ngf6 8.
Ng3 Bxf3 9. Qxf3 c6 10. b3 Be7 11. Bb2 O-O 12. c4 Nb6 13. Rad1 Qc7 14. Ne4 Nbd7
15. Bb1 Rad8 16. Rfe1 Qa5 17. Ng3 Rfe8 18. h4 Ba3 19. Ba1 Bf8 20. h5 Qg5 21. Bc3
Bd6 22. Bd2 Qh4 23. h6 g6 24. Ne4 Nxe4 25. Rxe4 Qh2+ 26. Kf1 Bf8 27. Bf4 Qh4 28.
Qe3 Nf6 29. Bg5 Qh1+ 30. Ke2 Qh5+ 31. Ke1 Bb4+ 32. Rd2 Bxd2+ 33. Kxd2 Nxe4+ 34.
Bxe4 Rd7 {White resigns} 0-1

[Event "Team 45 45 League T28"]
[Site "Internet Chess Club"]
[Date "2005.10.23"]
[Round "6"]
[White "qs16"]
[Black "Stav"]
[Result "1-0"]
[WhiteElo "1575"]
[BlackElo "1666"]
[TimeControl "2700+45"]

1. d4 Nf6 2. c4 c5 3. d5 e5 4. dxe6 fxe6 5. g3 Be7 6. Bg2 d6 7. Nf3 Nc6 8. O-O
O-O 9. Nc3 a6 10. Bf4 Qc7 11. Qd2 b6 12. Rfd1 Rd8 13. Ng5 Ng4 14. h3 Nge5 15.
Bxc6 Nxc6 16. Qd3 Bxg5 17. Bxg5 Ne5 18. Qc2 Rd7 19. b3 Bb7 20. Kh2 Rf8 21. Be3
Qc6 22. Rg1 Rdf7 23. f4 Ng6 24. Raf1 b5 25. a3 b4 26. axb4 cxb4 27. Na4 e5 28.
f5 Ne7 29. g4 d5 30. Bc5 a5 31. cxd5 Nxd5 32. Qc1 Re8 33. g5 Nf4 34. Qc4 Qd5 35.
Rd1 Qxc4 36. bxc4 Nxe2 37. Rge1 Nc3 38. Rxe5 Rc8 39. Rde1 Rxc5 40. Nxc5 Bc6 41.
Re6 Rc7 42. g6 hxg6 43. fxg6 Kf8 44. Rxc6 Re7 45. Rc8+ {Black resigns} 1-0

[Event "Team 45 45 League T28"]
[Site "Internet Chess Club"]
[Date "2005.10.22"]
[Round "6"]
[White "Rainbird"]
[Black "hansolo1000"]
[Result "0-1"]
[WhiteElo "1599"]
[BlackElo "1564"]
[TimeControl "2700+45"]

1. e4 c5 2. Nf3 d6 3. d4 cxd4 4. Nxd4 Nf6 5. Nc3 a6 6. Be2 e5 7. Nb3 Be7 8. O-O
O-O 9. f4 b5 10. Be3 Bb7 11. Bf3 Nbd7 12. g4 exf4 13. Bxf4 b4 14. Nd5 Nxd5 15.
exd5 Bf6 16. Bxd6 Qb6+ 17. Kh1 Qxd6 18. Be4 Bxb2 19. Rb1 Bc3 20. g5 g6 21. h4
Qg3 {White resigns} 0-1

[Event "Team 45 45 League T28"]
[Site "Internet Chess Club"]
[Date "2005.10.25"]
[Round "6"]
[White "f5"]
[Black "Plattner"]
[Result "1-0"]
[WhiteElo "2323"]
[BlackElo "1885"]
[TimeControl "2700+45"]

1. e4 e6 2. d4 d5 3. Nc3 Bb4 4. e5 c5 5. a3 Bxc3+ 6. bxc3 Ne7 7. Qg4 O-O 8. Bd3
Nbc6 9. Qh5 Ng6 10. Nf3 c4 11. Ng5 h6 12. Nxf7 Rxf7 13. Bxg6 Rc7 14. g4 Bd7 15.
g5 Be8 16. gxh6 Bxg6 17. Qxg6 Qe8 18. Rg1 Qxg6 19. Rxg6 Re8 20. Bg5 Kh7 21.
Rxg7+ Rxg7 22. hxg7 Kxg7 23. Ke2 Rg8 24. Rg1 Kf7 25. Rg3 b5 26. Bf6 a5 27. h4
Rxg3 28. fxg3 Kg6 29. g4 Kh6 30. Kd2 Nb8 31. a4 b4 32. cxb4 axb4 33. Be7 Na6 34.
Bd6 Kh7 35. a5 Kh6 36. h5 Kg5 37. Be7+ Kh6 38. Bf8+ Kg5 39. h6 Kg6 40. g5 Kh7
41. Bd6 Kg6 42. Kc1 Kh7 43. Kb2 Kg6 44. Bxb4 Nxb4 45. c3 Nc6 46. a6 Na7 47. Ka3
Nb5+ 48. Kb4 Na7 49. Kc5 {Black resigns} 1-0

[Event "Team 45 45 League T28"]
[Site "Internet Chess Club"]
[Date "2005.10.21"]
[Round "6"]
[White "LittleTom"]
[Black "MiroslavR"]
[Result "0-1"]
[WhiteElo "1806"]
[BlackElo "1965"]
[TimeControl "2700+45"]

1. e4 e6 2. d4 d5 3. exd5 exd5 4. c4 Bb4+ 5. Nc3 Ne7 6. a3 Bxc3+ 7. bxc3 O-O 8.
Nf3 Nbc6 9. h3 Re8 10. Be2 dxc4 11. O-O Be6 12. Ng5 Bd5 13. f4 Nf5 14. Bg4 Qf6
15. Qc2 g6 16. Rb1 h6 17. Rb5 Ncxd4 18. cxd4 Qxd4+ 19. Kh2 Nd6 20. Rd1 Nxb5 21.
Rxd4 Nxd4 22. Qd2 c5 23. Nf3 Re2 24. Qc3 h5 {White resigns} 0-1

[Event "Team 45 45 League T28"]
[Site "Internet Chess Club"]
[Date "2005.10.30"]
[Round "6"]
[White "Gandalf"]
[Black "Beancounter"]
[Result "1-0"]
[WhiteElo "1929"]
[BlackElo "1709"]
[TimeControl "2700+45"]

1. d4 Nf6 2. Nf3 g6 3. Bg5 Bg7 4. Nbd2 O-O 5. e4 d6 6. Bd3 Nbd7 7. O-O e5 8. c3
h6 9. Bh4 c6 10. Nc4 Qc7 11. dxe5 dxe5 12. Bc2 Nc5 13. Re1 Rd8 14. Qe2 Bg4 15.
Qe3 Ncd7 16. Rad1 g5 17. Bg3 Nh5 18. h3 Bxf3 19. Qxf3 Nxg3 20. Qxg3 Nf8 21. Ne3
Ne6 22. Nf5 Rxd1 23. Rxd1 Rd8 24. Rxd8+ Nxd8 25. h4 f6 26. hxg5 hxg5 27. Bb3+
Kf8 28. Qh3 Nf7 29. Qh7 Nd6 30. Qg8# {Black checkmated} 1-0

[Event "Team 45 45 League T28"]
[Site "Internet Chess Club"]
[Date "2005.10.22"]
[Round "6"]
[White "indiadar"]
[Black "bobhill"]
[Result "0-1"]
[WhiteElo "1942"]
[BlackElo "2070"]
[TimeControl "2700+45"]

1. e4 c5 2. Nf3 d6 3. Bb5+ Bd7 4. Bxd7+ Nxd7 5. O-O g6 6. c3 Bg7 7. d4 cxd4 8.
cxd4 Ngf6 9. Qe2 O-O 10. Nc3 a6 11. a4 Qa5 12. Bg5 Rfe8 13. h3 Rac8 14. Rfd1 Nf8
15. Bxf6 Bxf6 16. Nd5 Bg7 17. b4 Qd8 18. Rac1 e6 19. Ne3 Qb6 20. Qd2 Nd7 21. d5
Rxc1 22. Rxc1 Nf6 23. dxe6 Rxe6 24. Rc8+ Re8 25. Nd5 Rxc8 26. Nxb6 Nxe4 27. Qd5
Rc1+ 28. Kh2 Nxf2 29. Qxd6 Rh1+ 30. Kg3 Ne4+ {White resigns} 0-1

[Event "Team 45 45 League T28"]
[Site "Internet Chess Club"]
[Date "2005.10.21"]
[Round "6"]
[White "DTK"]
[Black "siddhu"]
[Result "1-0"]
[WhiteElo "2062"]
[BlackElo "1941"]
[TimeControl "2700+45"]

1. e4 e5 2. Nf3 Nc6 3. Bb5 Nf6 4. O-O Nxe4 5. d4 Nd6 6. Bxc6 dxc6 7. dxe5 Nf5 8.
Nc3 Qxd1 9. Rxd1 Bb4 10. Bg5 O-O 11. Ne4 h6 12. Bd2 Bxd2 13. Rxd2 Be6 14. Nc5
Bd5 15. Nd4 Nxd4 16. Rxd4 a5 17. c4 b6 18. cxd5 bxc5 19. Rd2 Rfd8 20. Rad1 cxd5
21. Rxd5 Rxd5 22. Rxd5 Rb8 23. Rd2 Kf8 24. f4 Ke7 25. Kf2 f6 26. exf6+ Kxf6 27.
Ke3 Re8+ 28. Kf3 Rb8 29. Rc2 a4 30. g4 Ke6 31. h4 Kd5 32. f5 Rb4 33. Kg3 Rc4 34.
Rxc4 Kxc4 35. g5 hxg5 36. hxg5 Kd5 37. Kf4 c4 38. f6 gxf6 39. gxf6 a3 40. bxa3
c3 41. Ke3 Ke6 42. a4 {Black resigns} 1-0

[Event "Team 45 45 League T28"]
[Site "Internet Chess Club"]
[Date "2005.10.23"]
[Round "6"]
[White "Boromir"]
[Black "Nomad"]
[Result "0-1"]
[WhiteElo "1846"]
[BlackElo "1978"]
[TimeControl "2700+45"]

1. d4 Nf6 2. c4 e6 3. Nc3 Bb4 4. e3 O-O 5. Bd3 c5 6. Ne2 Nc6 7. Qc2 d5 8. O-O
dxc4 9. Bxc4 cxd4 10. exd4 Nxd4 11. Nxd4 Qxd4 12. Ne2 Qb6 13. Bg5 e5 14. a3 Bc5
15. b4 Bd4 16. Nxd4 exd4 17. Qb3 Bf5 18. Rfe1 Qd6 19. Qf3 Bg6 20. Bxf6 Qxf6 21.
Qxf6 gxf6 22. Rad1 Rfd8 23. f3 Rac8 24. Bd3 Rd7 25. Bxg6 fxg6 26. Rd3 Rc3 27.
Red1 Rxd3 28. Rxd3 Kf7 29. Kf2 f5 30. Ke2 Ke6 31. Rd1 Ke5 32. Rc1 d3+ 33. Kd2 b6
34. Rc3 g5 35. g3 a6 36. Rc6 Rd6 37. Rxd6 Kxd6 38. Kxd3 Kd5 39. h3 a5 40. bxa5
bxa5 41. a4 h5 42. g4 fxg4 43. fxg4 h4 44. Kc3 Ke4 45. Kc4 Kf3 46. Kb5 Kg3 47.
Kxa5 Kxh3 48. Kb6 Kxg4 49. a5 h3 50. a6 h2 51. Kc7 h1=Q 52. Kb8 Qb1+ 53. Ka8 Kf3
54. a7 Qa2 {White resigns} 0-1